 Dungeon Crawl Stone Soup version 0.28-a0-1159-g27aa881441 (webtiles) character file.

Game seed: 15422577916094420498

93 LadyOphelia the Chopper (level 4, -3/41 HPs)
             Began as a Gnoll Cinder Acolyte on Dec 15, 2021.
             Was a High Priest of Ignis.
             Slain by an ogre (19 damage)
             ... on level 4 of the Dungeon.
             The game lasted 00:08:03 (3075 turns).

LadyOphelia the Chopper (Gnoll Cinder Acolyte)      Turns: 3075, Time: 00:08:03

Health: -3/41      AC: 16    Str: 15    XL:     4   Next: 61%
Magic:  6/8        EV: 11    Int: 14    God:    Ignis [*****.]
Gold:   114        SH:  0    Dex:  7    Spells: 4/9 levels left

rFire   + . .      SeeInvis .   f - +2 short sword (protect)
rCold   . . .      Faith    .   (no shield)
rNeg    . . .      Spirit   .   b - +0 robe
rPois   .          Reflect  .   (no helmet)
rElec   .          Harm     .   (no cloak)
rCorr   .          Rampage  .   (no gloves)
Will    .....                   (no boots)
Stlth   +.........              (no amulet)
HPRegen 0.13/turn               (no ring)
MPRegen 0.11/turn               (no ring)

@: under a protective aura, fiery-armoured
A: fangs 1, strong nose, distributed training
a: Renounce Religion, Fiery Armour, Foxfire Swarm, Rising Flame


You were on level 4 of the Dungeon.
You worshipped Ignis.
Ignis was extremely pleased with you.
You visited 1 branch of the dungeon, and saw 4 of its levels.

You collected 114 gold pieces.

Inventory:

Hand Weapons
 a - a -1 hand axe of flaming
 f - a +2 short sword of protection (weapon)
Armour
 b - a +0 robe (worn)
 d - a +0 kite shield
 k - a scarf of invisibility
 m - a +0 pair of gloves
Wands
 h - a wand of paralysis (13)
Scrolls
 c - a scroll of identify {unknown}
 e - a scroll of holy word {unknown}
 i - a scroll of blinking {unknown}
 j - a scroll of magic mapping {unknown}
 l - a scroll of enchant armour {unknown}
Potions
 g - a potion of resistance {unknown}


   Skills:
 + Level 6.6 Fighting
 + Level 1.2 Short Blades
 + Level 1.2 Long Blades
 + Level 6.6 Axes
 + Level 1.2 Maces & Flails
 + Level 1.2 Polearms
 + Level 1.2 Staves
 + Level 1.2 Slings
 + Level 1.2 Bows
 + Level 1.2 Crossbows
 + Level 1.2 Throwing
 + Level 1.2 Armour
 + Level 1.2 Dodging
 + Level 1.2 Stealth
 + Level 1.2 Shields
 + Level 1.2 Unarmed Combat
 + Level 3.0 Spellcasting
 + Level 1.0 Conjurations
 + Level 1.0 Hexes
 + Level 1.0 Summonings
 + Level 1.0 Necromancy
 + Level 1.0 Translocations
 + Level 1.0 Transmutations
 + Level 5.5 Fire Magic
 + Level 1.0 Ice Magic
 + Level 1.0 Air Magic
 + Level 1.0 Earth Magic
 + Level 1.0 Poison Magic
 + Level 1.3 Invocations
 + Level 1.2 Evocations


You had 4 spell levels left.
You knew the following spells:

 Your Spells              Type           Power      Damage    Failure   Level
a - Scorch                Fire           34%        2d6       3%          2
b - Call Canine Familiar  Summ           4%         N/A       38%         3

Your spell library contained the following spells:

 Spells                   Type           Power      Damage    Failure   Level
 Portal Projectile        Hex/Tloc       8%         N/A       38%         3
 Leda's Liquefaction      Hex/Erth       2%         N/A       80%         4
 Alistair's Intoxication  Tmut/Pois      2%         N/A       98%         5
 Borgnjor's Vile Clutch   Necr/Erth      2%         N/A       98%         5
 Eringya's Noxious Bog    Tmut/Pois      2%         N/A       100%        6


Dungeon Overview and Level Annotations

Branches:
Dungeon (4/15)
 Temple: D:4-7

Altars:
Kikubaaqudgha

Annotations:
D:3 3 runed translucent doors, hemabe71's ghost, amateur HuAr; xoxolimbo's ghost, amateur DsFE


Innate Abilities, Weirdness & Mutations

You have very sharp teeth.
Your uncanny sense of smell can sniff out nearby items.
Your experience applies equally to all skills.


Message History

There is a stone staircase leading down here.
Hemabe71's ghost turns its malevolent gaze towards you.
You see here 10 sling bullets.
Could not explore, unopened runed door.
(D) Dungeon
Where to? (Enter - D:3, ? - help)
Okay, then.
(D) Dungeon
Where to? (Enter - D:3, ? - help)
Okay, then.
Hemabe71's ghost shouts, "What do you have that I didn't have?"
You see here 10 sling bullets.
Level annotation: 3 runed translucent doors, hemabe71's ghost, amateur HuAr; xoxolimbo's ghost, amateur DsFE Welcome back, LadyOphelia the Gnoll Cinder Acolyte.
The flames of Ignis gently warm you.
Press ? for a list of commands and other information.
(D) Dungeon
Where to? (? - help)
What level of the Dungeon? (default 1, ? - help)
There is a stone staircase leading down here.
You climb downwards.
The ogre shouts!
There is a stone staircase leading up here.
An ogre is nearby!
Okay, then.
The ogre barely misses you.
Cast which spell? (? or * to list)
You don't know that spell.
Cast which spell? (? or * to list) Flames lash the ogre.
The ogre is lightly wounded.
The ogre's fire resistance burns away.
You hit the ogre.
Your weapon exudes an aura of protection.
The ogre is heavily wounded.
The ogre hits you with a +0 giant club!!
Ouch! That really hurt!
A protective cloak of flame settles atop you.
The ogre hits you with a +0 giant club!!
You die...

. ### .
..#####<#####..
...............
...............
......O@.......
...............
#..............
#............##
##############


You could see an ogre (combustible).

Vanquished Creatures
  Natasha (D:3)
  3 adders
  A dart slug (D:3)
  2 orcs (D:3)
  2 ball pythons (D:2)
  3 bats
  2 endoplasms (D:2)
  2 giant cockroaches
  2 goblins
  2 hobgoblins
  4 jackals (D:3)
  2 quokkas (D:3)
  2 frilled lizards
  4 kobolds
  5 rats
37 creatures vanquished.

Vanquished Creatures (others)
  5 withered plants (D:3)
5 creatures vanquished.

Grand Total: 42 creatures vanquished

Notes
Turn   | Place    | Note
-------+----------+-------------------------------------------
     0 | D:1      | LadyOphelia the Gnoll Cinder Acolyte began the quest for
                  | the Orb.
     0 | D:1      | Reached XP level 1. HP: 23/23 MP: 4/4
   645 | D:1      | Reached XP level 2. HP: 27/29 MP: 5/5
   705 | D:1      | Learned a level 2 spell: Scorch
  1387 | D:2      | Reached XP level 3. HP: 33/35 MP: 7/7
  1645 | D:2      | Reached skill level 1 in Invocations
  2102 | D:3      | Noticed xoxolimbo's ghost (amateur DsFE)
  2102 | D:3      | Noticed hemabe71's ghost (amateur HuAr)
  2102 | D:3      | Noticed Natasha
  2102 | D:3      | Found a runed translucent gate.
  2102 | D:3      | Found a runed translucent gate.
  2102 | D:3      | Found a runed translucent gate.
  2123 | D:3      | Killed Natasha
  2124 | D:3      | Reached skill level 1 in Short Blades
  2124 | D:3      | Reached skill level 1 in Long Blades
  2124 | D:3      | Reached skill level 1 in Maces & Flails
  2124 | D:3      | Reached skill level 1 in Polearms
  2124 | D:3      | Reached skill level 1 in Staves
  2124 | D:3      | Reached skill level 1 in Slings
  2124 | D:3      | Reached skill level 1 in Bows
  2124 | D:3      | Reached skill level 1 in Crossbows
  2124 | D:3      | Reached skill level 1 in Throwing
  2124 | D:3      | Reached skill level 1 in Armour
  2124 | D:3      | Reached skill level 1 in Dodging
  2124 | D:3      | Reached skill level 1 in Stealth
  2124 | D:3      | Reached skill level 1 in Shields
  2124 | D:3      | Reached skill level 1 in Unarmed Combat
  2124 | D:3      | Reached skill level 1 in Evocations
  2124 | D:3      | Reached XP level 4. HP: 39/41 MP: 8/8
  2672 | D:3      | Reached skill level 1 in Conjurations
  2672 | D:3      | Reached skill level 1 in Hexes
  2672 | D:3      | Reached skill level 1 in Summonings
  2672 | D:3      | Reached skill level 1 in Necromancy
  2672 | D:3      | Reached skill level 1 in Translocations
  2672 | D:3      | Reached skill level 1 in Transmutations
  2672 | D:3      | Reached skill level 1 in Ice Magic
  2672 | D:3      | Reached skill level 1 in Air Magic
  2672 | D:3      | Reached skill level 1 in Earth Magic
  2672 | D:3      | Reached skill level 1 in Poison Magic
  2679 | D:3      | Learned a level 3 spell: Call Canine Familiar
  2827 | D:3      | Found an ancient bone altar of Kikubaaqudgha.
  3069 | D:4      | Noticed an ogre
  3075 | D:4      | Slain by an ogre

Illustrated notes

Levels and vault maps discovered:
D:1:      dpeg_arrival_erosion, layout_basic
D:2:      layout_basic, amcnicky_mini_corridor_feature
D:3:      layout_loops_ring, nicolae_overflow_hidden_temple,
          gammafunk_ghost_cemetery, uniq_natasha
D:4:      layout_basic, serial_shops, nicolae_shop_stone

Skill      XL: |  1  2  3  4 |
---------------+-------------+-----
Invocations    | 1 |  1.3
Short Blades   | 1 |  1.2
Long Blades    | 1 |  1.2
Maces & Flails | 1 |  1.2
Polearms       | 1 |  1.2
Staves         | 1 |  1.2
Slings         | 1 |  1.2
Bows           | 1 |  1.2
Crossbows      | 1 |  1.2
Throwing       | 1 |  1.2
Armour         | 1 |  1.2
Dodging        | 1 |  1.2
Stealth        | 1 |  1.2
Shields        | 1 |  1.2
Unarmed Combat | 1 |  1.2
Evocations     | 1 |  1.2
Spellcasting   | 3 |  3.0
Conjurations   | 1 |  1.0
Hexes          | 1 |  1.0
Summonings     | 1 |  1.0
Necromancy     | 1 |  1.0
Translocations | 1 |  1.0
Transmutations | 1 |  1.0
Ice Magic      | 1 |  1.0
Air Magic      | 1 |  1.0
Earth Magic    | 1 |  1.0
Poison Magic   | 1 |  1.0
Fighting       | |  6.6
Axes           | |  6.6
Fire Magic     | |  5.5

Action                   |  1- 3 |  4- 6 || total
-------------------------+-------+-------++-------
Melee: Hand axe          |    16 |       ||    16
       Short sword       |    68 |    43 ||   111
       Bite              |     2 |       ||     2
       Punch             |     1 |       ||     1
 Cast: Scorch            |       |     1 ||     1
Invok: Fiery Armour      |       |     1 ||     1
Armor: Robe              |    45 |    18 ||    63
Dodge: Dodged            |    53 |    22 ||    75

Table legend: (Time is in decaauts)
 A = Elapsed time spent in this place.
 B = Non-inter-level travel time spent in this place.
 C = Inter-level travel time spent in this place.
 D = Time resting spent in this place.
 E = Time spent auto-exploring this place.
 F = Levels seen in this place.
 G = Mean time per level.
                   A        B        C        D        E       F      G
               +--------+--------+--------+--------+--------+-----+--------+
         Total |   3088 |   3006 |     82 |    523 |   2079 |   4 |  772.0 |
       Dungeon |   3088 |   3006 |     82 |    523 |   2079 |   4 |  772.0 |
               +--------+--------+--------+--------+--------+-----+--------+

Top non-repeatable levels by time:
     D:2: 1239 daAuts
     D:3: 976 daAuts
     D:1: 866 daAuts
     D:4: 5 daAuts
